 Dungeon Crawl Stone Soup version 0.32-a0-841-g4648e6c457 (webtiles) character file.

Game seed: 10190023570962404359

4697 Pooter the Cleaver (level 10, -3/133 (135) HPs)
             Began as a Minotaur Berserker on Mar 26, 2024.
             Was a Priest of Trog.
             Slain by a yak (10 damage)
             ... on level 8 of the Dungeon on Mar 27, 2024.
             The game lasted 00:32:42 (6988 turns).

Pooter the Cleaver (Minotaur Berserker)             Turns: 6988, Time: 00:32:42

HP:   -3/133 (135)  AC: 15    Str: 23    XL:     10   Next: 21%
MP:   9/9           EV:  6    Int:  4    God:    Trog [***...]
Gold: 516           SH:  0    Dex: 19    Spells: 9/9 levels left

rFire   . . .        a - +0 war axe
rCold   . . .        (no shield)
rNeg    . . .        D - +1 plate armour
rPois   +            (helmet restricted)
rElec   .            x - +0 cloak
rCorr   .            o - +0 pair of gloves
SInv    .            r - +0 pair of boots
Will    ++...        (no amulet) Stlth
                     P - ring of poison resistance
HPRegen 1.42/turn    F - +6 ring of dexterity
MPRegen 0.11/turn

%: no passive effects
@: berserking, strong-willed, regenerating, lightly drained, very quick
A: horns 2, retaliatory headbutt
a: Renounce Religion, Berserk, Trog's Hand


You were on level 8 of the Dungeon.
You worshipped Trog.
Trog was most pleased with you.
You visited 1 branch of the dungeon, and saw 8 of its levels.
You also visited: Ossuary.

You collected 716 gold pieces.
You spent 200 gold pieces at shops.

Inventory:

Hand Weapons
 a - a +0 war axe (weapon)
   (You took it off an orc on level 3 of the Dungeon)
 b - a +0 arbalest
   (You took it off a kobold on level 3 of the Dungeon)
 u - a +3 hand axe
   (You found it on level 1 of the Dungeon)
Missiles
 g - 3 javelins
 h - 15 poisoned darts (quivered)
 y - 5 throwing nets {!f}
 B - 4 atropa-tipped darts
 I - 7 boomerangs
 Q - 49 stones
Armour
 o - a +0 pair of gloves (worn)
   (You found it on level 3 of the Dungeon)
 r - a +0 pair of boots (worn)
   (You found it on level 3 of the Dungeon)
 x - a +0 cloak (worn)
   (You found it on level 4 of the Dungeon)
 D - a +1 plate armour (worn)
   (You took it off an orc warrior on level 5 of the Dungeon)
Jewellery
 F - a +6 ring of dexterity (right hand)
   (You found it on level 6 of the Dungeon)
 P - a ring of poison resistance (left hand)
   (You found it on level 4 of the Dungeon)
Wands
 f - a wand of flame (29)
   (You took it off Eustachio on level 4 of the Dungeon)
 C - a wand of light (4)
   (You found it on level 5 of the Dungeon)
Scrolls
 i - a scroll of identify {@r1}
 j - 3 scrolls of fear
 k - a scroll of fog
 l - 2 scrolls of noise {!r}
 q - a scroll of blinking
 t - 4 scrolls of teleportation {@r4}
 v - a scroll of immolation {!r}
 w - a scroll of poison
 A - 2 scrolls of silence
Potions
 c - a potion of brilliance {unknown}
 d - 2 potions of degeneration {unknown}
 e - 11 potions of curing {@q1}
 m - 4 potions of attraction {!q}
 n - 4 potions of heal wounds {unknown}
 s - a potion of lignification {unknown}
 z - 3 potions of might {unknown}
 E - 3 potions of mutation {unknown}
 H - 2 potions of enlightenment {unknown}


   Skills:
 + Level 8.9 Fighting
 * Level 11.9 Axes
 * Level 9.8 Ranged Weapons
 - Level 2.4 Armour
 - Level 2.1 Dodging
 - Level 2.4 Stealth


You had 9 spell levels left.
You didn't know any spells.
Your spell library was empty.

Dungeon Overview and Level Annotations

Branches:
Dungeon (8/15) Zot: 26639  Temple (0/1) D:6         Ossuary (visited)
   Lair: D:8-11

Altars:
Hepliaklqana
Kikubaaqudgha
Makhleb
Nemelex Xobeh
Okawaru
Ru
Trog
Uskayaw
Yredelemnul
The Shining One
Beogh

Shops:
D:7 ?

Annotations:
D:6 2 transporters, zenocrate's ghost, novice OpEE


Innate Abilities, Weirdness & Mutations

You have a pair of horns on your head.
You reflexively headbutt those who attack you in melee.


Message History

You feel strong-willed.
You can no longer call in reinforcements.
The yak bellows!
The yak gores you. The yak barely misses you. x3
The yak gores you but does no damage.
You slash the yak! You headbutt the yak!
You kill the yak!
Trog accepts your kill.
You hit the yak. You hit the yak but do no damage. You slash the yak!
You hit the yak but do no damage.
An orc warrior comes into view. It is wielding a +0 trident.
The yak gores you! The yak gores you. The yak barely misses you. x2
The wyvern barely misses you.
The orc warrior shouts!
You slash the yak! x2; You hit the yak. You barely miss the yak.
You closely miss the wyvern. You hit the yak but do no damage.
The wyvern bites you. The yak gores you! x2
* * * LOW HITPOINT WARNING * * *
The yak barely misses you. You furiously retaliate!
You headbutt the yak!
The yak gores you but does no damage. x2
Unknown command.
A red film seems to cover your vision as you go berserk!
You feel yourself moving faster!
You feel mighty! The wyvern bites you.
* * * LOW HITPOINT WARNING * * *
The yak barely misses you. The yak gores you!
* * * LOW HITPOINT WARNING * * *
The yak barely misses you. x2; You furiously retaliate!
You headbutt the yak! The yak gores you but does no damage.
You are too injured to fight recklessly!
You are too injured to fight recklessly!
You hit the yak. You headbutt the yak! You closely miss the wyvern.
You barely miss the yak. x2; You slash the yak! x2
You kill the yak!
Trog accepts your kill. The wyvern bites you!
* * * LOW HITPOINT WARNING * * *
You barely miss the yak. You slash the yak! You hit the yak.
You closely miss the wyvern. You slash the yak!
The wyvern bites you but does no damage.
The yak gores you!
* * * LOW HITPOINT WARNING * * *
The yak gores you but does no damage. x2
You barely miss the yak. x2; You hit the yak.
You hit the wyvern. You slash the yak! x2
You kill the yak!
Trog accepts your kill. The wyvern closely misses you. The yak gores you!
* * * LOW HITPOINT WARNING * * *
The yak gores you!
You die...

#))## ##)..###
###))....# #
#.).###.... #.
###.### .###
##..########.))###
.#
......Y....#.....#
.
##..YY....####..#
. #...Y@.....#
#..#
...o.Y†Yk....# #.#
###..........# ...
#..........# #..
#..........# ##
#.........##
...........#
.#..........


You could see 6 yaks, an orc warrior and a wyvern.

Vanquished Creatures
  A troll (D:7)
  Grinder (D:4)
  3 yaks (D:8)
  4 wyverns
  A steam dragon (D:6)
  Eustachio (D:4)
  3 water moccasins
  Duvessa (D:4)
  Pargi (D:4)
  An ice beast (D:5)
  3 black bears
  An orc warrior (D:5)
  2 ogres (D:4)
  A centaur (D:5)
  A gnoll sergeant (D:6)
  A scorpion (D:4)
  11 wights
  Dowan (D:4)
  A howler monkey (D:7)
  A bombardier beetle (D:5)
  4 jellies
  3 orc priests
  5 hounds
  3 iguanas
  Terence (D:3)
  2 sleepcaps
  7 orc wizards
  8 mummies (Ossuary)
  Robin (D:4)
  14 gnolls
  7 adders
  A white imp (D:5)
  2 ribbon worms
  28 orcs
  5 bats
  8 endoplasms
  A giant cockroach (D:2)
  14 goblins
  12 hobgoblins
  3 jackals (D:2)
  A quokka (D:4)
  5 ball pythons
  3 frilled lizards
  5 hobgoblin zombies (Ossuary)
  2 kobolds (D:3)
  2 kobold zombies (Ossuary)
  An orc zombie (Ossuary)
  2 rats
190 creatures vanquished.

Notes
Turn   | Place    | Note
-------+----------+-------------------------------------------
     0 | D:1      | Pooter the Minotaur Berserker began the quest for the Orb.
     0 | D:1      | Reached XP level 1. HP: 19/19 MP: 0/0
   730 | D:2      | Reached XP level 2. HP: 27/27 MP: 1/1
   734 | D:2      | Reached skill level 4 in Axes
   736 | D:2      | Reached skill level 1 in Stealth
  1087 | D:2      | Reached ** piety under Trog
  1088 | D:2      | Reached XP level 3. HP: 33/33 MP: 2/2
  1238 | D:2      | Found a faded altar of an unknown god.
  1449 | D:3      | Reached XP level 4. HP: 35/40 MP: 3/3
  1486 | D:3      | Reached skill level 5 in Axes
  1502 | D:3      | Reached XP level 5. HP: 19/47 MP: 4/4
  1797 | D:3      | Noticed Terence
  1812 | D:3      | Killed Terence
  1950 | D:3      | Reached skill level 1 in Ranged Weapons
  2353 | D:4      | Noticed Robin
  2355 | D:4      | Noticed Grinder
  2364 | D:4      | Reached XP level 6. HP: 55/55 MP: 5/5
  2364 | D:4      | Killed Robin
  2369 | D:4      | Killed Grinder
  2370 | D:4      | Reached skill level 5 in Fighting
  2370 | D:4      | Reached skill level 6 in Axes
  2434 | D:4      | Reached XP level 7. HP: 61/61 MP: 6/6
  2605 | D:4      | Noticed Dowan
  2605 | D:4      | Noticed Duvessa
  2617 | D:4      | Killed Dowan
  2628 | D:4      | Killed Duvessa
  2629 | D:4      | Reached skill level 7 in Axes
  2737 | D:4      | Reached skill level 5 in Ranged Weapons
  2956 | D:4      | Reached XP level 8. HP: 63/70 MP: 7/7
  3076 | D:4      | Noticed Pargi
  3087 | D:4      | Killed Pargi
  3088 | D:4      | Reached skill level 8 in Axes
  3448 | D:4      | Noticed Eustachio
  3470 | D:4      | Killed Eustachio
  3640 | D:5      | Entered Level 5 of the Dungeon
  3641 | D:5      | Found a hazy altar of Hepliaklqana.
  3652 | D:5      | Found a sparkling altar of Nemelex Xobeh.
  3828 | D:5      | Reached skill level 9 in Axes
  4104 | D:5      | Found a burning altar of Makhleb.
  4187 | D:5      | Found a burning altar of Makhleb.
  4290 | D:5      | Found an iron altar of Okawaru.
  4303 | D:5      | Reached XP level 9. HP: 79/79 MP: 8/8
  4696 | D:6      | Reached *** piety under Trog
  4742 | D:6      | Found a glowing golden altar of the Shining One.
  4756 | D:6      | Found a staircase to the Ecumenical Temple.
  4761 | D:6      | Reached skill level 10 in Axes
  5057 | D:6      | Identified the +3 giant club "Qiust" {vamp, rElec Will+}
  5057 | D:6      | Noticed a two-headed ogre
  5089 | D:6      | Found a transporter.
  5090 | D:6      | Found a transporter.
  5091 | D:6      | Noticed zenocrate's ghost (novice OpEE)
  5186 | D:7      | Found Mierphoth's Magic Scroll Emporium.
  5189 | D:7      | Bought a scroll of enchant armour for 120 gold pieces
  5189 | D:7      | Bought a scroll of identify for 32 gold pieces
  5189 | D:7      | Bought a scroll of identify for 32 gold pieces
  5189 | D:7      | Bought a scroll of noise for 16 gold pieces
  5206 | D:7      | Found a sand-covered staircase.
  5215 | Ossuary  | Entered an ossuary
  5906 | D:7      | Noticed a troll
  5913 | D:7      | Killed a troll
  5946 | D:7      | Reached skill level 11 in Axes
  6235 | D:7      | Found a runed translucent door.
  6306 | D:7      | Found a basalt altar of Yredelemnul.
  6307 | D:7      | Found a sacrificial altar of Ru.
  6307 | D:7      | Found a hide-covered altar of Uskayaw.
  6308 | D:7      | Found a bloodstained altar of Trog.
  6389 | D:7      | Found an ancient bone altar of Kikubaaqudgha.
  6584 | D:7      | Found a roughly hewn altar of Beogh.
  6834 | D:8      | Reached XP level 10. HP: 89/90 MP: 9/9
  6843 | D:8      | Reached **** piety under Trog
  6988 | D:8      | Slain by a yak

Illustrated notes

Levels and vault maps discovered:
D:1:      elethiomel_arrival_fortress_basement, layout_basic
D:2:      layout_rooms, chequers_ecumenical_altar_grove
D:3:      layout_basic, uniq_terence
D:4:      layout_layer_cave, serial_bayou_lagoon_b, uniq_duvessa, uniq_pargi,
          uniq_grinder, uniq_robin, uniq_eustachio
D:5:      layout_loops_ring, nicolae_hepliaklqana_hazy_memory,
          mainiacjoe_overflow_cross_hatched, nemelex_xobeh_ov_fountains_minmay,
          palyth_stone_intersect, hangedman_feature_mirror
D:6:      layout_rooms, lemuel_round_altar, minmay_temple_entry_statues_pillars,
          gammafunk_ghost_smash
D:7:      layout_rooms, minitemple, mainiacjoe_overflow_paths, serial_shops,
          shop, enter_ossuary_1, lightli_church_of_beogh
D:8:      layout_rooms, led_sif_pool, minmay_lair_entry_grove,
          dk_noncrumbling_4, serial_bayou_lagoon_a, minmay_nine_imps

Skill      XL: |  1  2  3  4  5  6  7  8  9 |
---------------+----------------------------+-----
Axes           | 4 5 6 7 9 11 | 11.9
Stealth        | 1 2 |  2.4
Fighting       | 4 5 6 7 8 |  8.9
Ranged Weapons | 2 3 5 7 9 |  9.8
Armour         | |  2.4
Dodging        | |  2.1

Action                     |  1- 3 |  4- 6 |  7- 9 | 10-12 || total
---------------------------+-------+-------+-------+-------++-------
  Melee: Hand axe          |    74 |    31 |       |       ||   105
         Headbutt          |     5 |     5 |    29 |     4 ||    43
         War axe           |       |    20 |   164 |    27 ||   211
   Fire: Arbalest          |       |    39 |   157 |       ||   196
  Throw: Dart              |       |       |     1 |       ||     1
 Invoke: Berserk           |       |     4 |     6 |     1 ||    11
         Trog's Hand       |       |     4 |     6 |     2 ||    12
    Use: Scroll            |     3 |       |    11 |       ||    14
 Armour: Animal skin       |    10 |       |       |       ||    10
         Ring mail         |     5 |       |       |       ||     5
         Scale mail        |    43 |    22 |       |       ||    65
         Chain mail        |       |    31 |    86 |       ||   117
         Plate armour      |       |       |   151 |    42 ||   193
  Dodge: Dodged            |    31 |    24 |    75 |    22 ||   152

Table legend: (Time is in decaauts)
 A = Elapsed time spent in this place.
 B = Non-inter-level travel time spent in this place.
 C = Inter-level travel time spent in this place.
 D = Time resting spent in this place.
 E = Time spent auto-exploring this place.
 F = Levels seen in this place.
 G = Mean time per level.
                   A        B        C        D        E       F      G
               +--------+--------+--------+--------+--------+-----+--------+
         Total |   7249 |   7035 |    214 |   1571 |   3918 |   9 |  805.4 |
       Dungeon |   6552 |   6338 |    214 |   1137 |   3814 |   8 |  819.0 |
       Ossuary |    697 |    697 |      0 |    434 |    104 |   1 |  697.0 |
               +--------+--------+--------+--------+--------+-----+--------+

Top non-repeatable levels by time:
     D:4: 1516 daAuts
     D:5: 1019 daAuts
     D:3: 912 daAuts
     D:7: 819 daAuts
     D:1: 725 daAuts
 Ossuary: 697 daAuts
     D:2: 636 daAuts
     D:6: 562 daAuts
     D:8: 360 daAuts
